 Dungeon Crawl Stone Soup version 0.29.0-11-gd7f09526c8 (webtiles) character file.

Game seed: 14205759500712557524

143 greasedhog the Sneak (level 5, -3/27 HPs)
             Began as a Gargoyle Brigand on Sept 3, 2022.
             Slain by a mummy (14 damage)
             ... in an ossuary.
             The game lasted 00:02:53 (2286 turns).

greasedhog the Sneak (Gargoyle Brigand)             Turns: 2286, Time: 00:02:54

Health: -3/27      AC:  8    Str: 15    XL:     5   Next: 25%
Magic:  5/5        EV: 11    Int: 11    God:
Gold:   104        SH:  0    Dex: 13    Spells: 4/4 levels left

rFire   . . .      SeeInvis .   a - +3 dagger (venom)
rCold   . . .      Faith    .   (no shield)
rNeg    + . .      Spirit   .   j - +0 leather armour
rPois   ∞          Reflect  .   (no helmet)
rElec   +          Harm     .   c - +0 cloak
rCorr   .          Rampage  .   (no gloves)
Will    .....                   (no boots)
Stlth   +++.......              b - amulet of the acrobat
HPRegen 0.09/turn               (no ring)
MPRegen 0.09/turn               (no ring)

@: attractive
A: sickness immunity, AC +4, negative energy resistance 1, electricity
resistance, torment resistance 1, petrification resistance, talons 1, frail 1
a: no special abilities


You were in an ossuary.
You visited 1 branch of the dungeon, and saw 4 of its levels.
You also visited: Ossuary.

You collected 104 gold pieces.

Inventory:

Hand Weapons
 a - a +3 dagger of venom (weapon)
Missiles
 d - 9 poisoned darts (quivered)
 e - 3 curare-tipped darts
Armour
 c - a +0 cloak (worn)
 j - a +0 leather armour (worn)
Jewellery
 b - an amulet of the acrobat (around neck)
Scrolls
 h - a scroll of poison
 l - a scroll of fear
 m - a scroll of identify
Potions
 f - 3 potions of brilliance
 g - a potion of curing


   Skills:
 - Level 2.1 Fighting
 * Level 3.5 Short Blades
 - Level 1.7 Throwing
 - Level 0.7 Dodging
 * Level 6.1 Stealth


You had 4 spell levels left.
You didn't know any spells.
Your spell library contained the following spells:

 Spells                   Type           Power      Damage    Failure   Level
 Magic Dart               Conj           0%         1d3       41%         1
 Searing Ray              Conj           0%         2d4       54%         2
 Static Discharge         Conj/Air       0%         3-3/arc   54%         2
 Fulminant Prism          Conj/Hex       0%         3d6       99%         4
 Orb of Destruction       Conj           0%         9d5       100%        7


Dungeon Overview and Level Annotations

Branches:
Dungeon (4/15)            Ossuary (1/1)
 Temple: D:4-7

Altars:
Hepliaklqana


Innate Abilities, Weirdness & Mutations

You are immune to sickness and miasma.
Your stone body is resilient. (AC +4)
You are immune to poison.
You resist negative energy. (rN+)
You are resistant to electric shocks. (rElec)
You are resistant to unholy torment.
You are immune to petrification.
You have sharp toenails.
You are frail. (-10% HP)


Message History

The hobgoblin zombie closely misses you.
It was a potion of attraction.
You feel attractive to monsters.
It was a potion of mutation.
You feel extremely strange.
Your toenails lengthen and sharpen.
You feel frail.
The hobgoblin zombie hits you but does no damage.
The hobgoblin zombie misses you. The mummy hits you but does no damage.
The mummy closely misses you.
You feel better.
The hobgoblin zombie hits you but does no damage.
The hobgoblin zombie hits you. The mummy hits you.
Blink to where?
Press: ? - help, Dir - move target, f - you Are you sure you want to cancel this blink? [Y]es or [N]o only, please.
Are you sure you want to cancel this blink?
Blink to where?
Press: ? - help, Dir - move target
As you read the scroll labelled QIORIFFA CYRU, it crumbles to dust.
It was a scroll of blinking.
The hobgoblin zombie barely misses you.
The gnoll zombie is attracted toward you.
You barely miss the hobgoblin zombie.
You claw the hobgoblin zombie, but do no damage.
The hobgoblin zombie is moderately damaged.
You completely miss the gnoll zombie. The gnoll zombie closely misses you.
The hobgoblin zombie closely misses you.
The gnoll zombie is attracted toward you.
You hit the mummy.
The mummy is severely damaged.
The gnoll zombie hits you but does no damage.
The hobgoblin zombie hits you but does no damage.
You hit the mummy.
The mummy is severely damaged.
The gnoll zombie barely misses you.
You hit the mummy. You claw the mummy, but do no damage.
The mummy is almost destroyed.
The hobgoblin zombie hits you but does no damage.
The mummy hits you!
Ouch! That really hurt!
You die...

#....#
#....#
#....#
#....#
#....#
#....#
#ZM..#
#ZMZ.#
#@ZZ.#
######


You could see 2 mummies, 2 hobgoblin zombies and 3 gnoll zombies.

Vanquished Creatures
  A necrophage (D:4)
  A mummy (Ossuary)
  2 adders
  2 dart slugs
  An orc (D:3)
  4 ball pythons
  4 bats
  An endoplasm (D:1)
  4 giant cockroaches
  4 goblins (D:3)
  6 hobgoblins
  2 jackals (D:3)
  2 quokkas
  A frilled lizard (D:3)
  A gnoll zombie (Ossuary)
  2 kobolds
  An orc zombie (Ossuary)
  6 rats
45 creatures vanquished.

Notes
Turn   | Place    | Note
-------+----------+-------------------------------------------
     0 | D:1      | greasedhog the Gargoyle Brigand began the quest for the
                  | Orb.
     0 | D:1      | Reached XP level 1. HP: 12/12 MP: 1/1
   370 | D:1      | Reached XP level 2. HP: 17/17 MP: 2/2
   385 | D:1      | Found a faded altar of an unknown god.
   827 | D:2      | Reached skill level 5 in Stealth
   827 | D:2      | Reached XP level 3. HP: 21/21 MP: 3/3
  1669 | D:3      | Found a hazy altar of Hepliaklqana.
  1912 | D:3      | Reached XP level 4. HP: 26/26 MP: 4/4
  1943 | D:3      | Got the Almanac of Blasting
  2181 | D:4      | Noticed a necrophage
  2193 | D:4      | Killed a necrophage
  2194 | D:4      | Reached skill level 6 in Stealth
  2194 | D:4      | Reached XP level 5. HP: 28/30 MP: 5/5
  2217 | D:4      | Found a sand-covered staircase.
  2241 | Ossuary  | Entered an ossuary
  2279 | Ossuary  | Gained mutation: You have sharp toenails. [potion of
                  | mutation]
  2279 | Ossuary  | Gained mutation: You are frail. (-10% HP) [potion of
                  | mutation]
  2286 | Ossuary  | Slain by a mummy

Illustrated notes

Levels and vault maps discovered:
D:1:      amcnicky_arrival_abandoned_market, layout_loops_ring,
          hellmonk_ecumenical_altar_inner_sanctum, nicolae_titane
D:2:      layout_basic
D:3:      layout_rooms, mainiacjoe_overflow_paths
D:4:      layout_rooms, mainiacjoe_overflow_surrounded_room,
          nicolae_ru_the_path_less_chosen, nicolae_ossuary_entry_monument,
          minmay_distorted
Ossuary:  ossuary_tomb_3

Skill      XL: |  1  2  3  4 |
---------------+-------------+-----
Short Blades   | 2 3 |  3.5
Stealth        | 5 6 |  6.1
Fighting       | |  2.1
Throwing       | |  1.7
Dodging        | |  0.7

Action                   |  1- 3 |  4- 6 || total
-------------------------+-------+-------++-------
Melee: Dagger            |    75 |    50 ||   125
       Punch             |       |     1 ||     1
       Kick              |       |     2 ||     2
  Use: Scroll            |     3 |     3 ||     6
       Potion            |       |     4 ||     4
 Stab: Sleeping          |    17 |     4 ||    21
Armor: Robe              |     8 |       ||     8
       Leather armour    |     9 |    22 ||    31
Dodge: Dodged            |    37 |    33 ||    70
